AoeStats
← elandres550

Arabia

509718251Analyzed
2v2 RM · 5d ago on Sep 27, 2026· 46m 11s· 4 players
Game mode
Random Map
Map size
Medium (4 player)
Population
200
Speed
Normal
Resources
Standard
Victory
Conquest
Starting age
Dark Age
Ending age
Imperial Age
RankedLock teamsTeams togetherTeam positionsShared explorationLock speedFull tech treeHidden civsTurbo modeCheats
Victory
Defeat
🇦🇷 Mongols · Argentina
1162
+14
🇦🇷 Georgians · Argentina
1091
+17
🇨🇭 Magyars · Switzerland
1211
-19
🇨🇭 Goths · Switzerland
1032
-12
Pitone90
2:58 Loom
10:07 Feudal Age
12:34 Double-Bit Axe
22:54 Castle Age
20:47 Gold Mining
22:34 Bloodlines
28:00 Husbandry
28:22 Scale Barding Armor
29:49 Wheelbarrow
30:29 Town Watch
36:47 Imperial Age
34:36 Hand Cart
35:45 Chain Barding Armor
35:20 Fletching
35:32 Horse Collar
36:27 Bow Saw
36:59 Cavalier
37:44 Bodkin Arrow
37:32 Cavalier
39:38 Ballistics
40:56 Gold Shaft Mining
39:52 Cavalier
40:49 Bracer
42:18 Padded Archer Armor
44:09 Conscription
Giallo
3:11 Loom
11:02 Feudal Age
22:11 Castle Age
19:56 Man-at-Arms
22:27 Scale Mail Armor
22:17 Pikeman
22:57 Squires
23:55 Chain Mail Armor
23:29 Horse Collar
23:56 Double-Bit Axe
24:59 Bow Saw
26:29 Forging
36:03 Imperial Age
33:05 Long Swordsman
33:45 Gold Mining
35:11 Iron Casting
36:03 Anarchy
40:01 Conscription
40:47 Wheelbarrow
41:43 Blast Furnace
41:40 Halberdier
elandres550
3:06 Loom
8:36 Feudal Age
9:37 Double-Bit Axe
9:34 Horse Collar
21:30 Castle Age
20:23 Gold Mining
20:48 Bloodlines
21:25 Forging
21:43 Light Cavalry
24:36 Wheelbarrow
31:31 Gold Shaft Mining
30:46 Stone Mining
35:48 Imperial Age
33:34 Hand Cart
33:36 Bow Saw
33:28 Heavy Plow
34:11 Ballistics
34:40 Fletching
34:51 Padded Archer Armor
35:03 Husbandry
35:59 Stone Shaft Mining
36:33 Thumb Ring
36:00 Elite Mangudai
36:54 Bodkin Arrow
37:15 Leather Archer Armor
38:26 Chemistry
40:08 Bracer
41:39 Siege Engineers
46:23 Parthian Tactics
rodrigo9999991
7:50 Loom
11:17 Feudal Age
12:14 Double-Bit Axe
14:10 Forging
17:31 Horse Collar
20:47 Castle Age
22:10 Scale Barding Armor
22:31 Husbandry
23:36 Bloodlines
27:35 Iron Casting
29:50 Wheelbarrow
30:31 Gold Mining
30:46 Heavy Plow
30:46 Stone Mining
36:43 Imperial Age
34:31 Hand Cart
36:08 Chain Barding Armor
35:39 Fletching
36:42 Light Cavalry
38:28 Blast Furnace
39:12 Devotion
41:02 Conscription
41:37 Plate Barding Armor
42:39 Elite Monaspa
44:50 Crop Rotation
Connection lost

Rejoining the realm…

Still unreachable

The connection could not be restored.

Session expired

The server has moved on; the page needs a fresh start.